 Dungeon Crawl Stone Soup version 0.19-a0-1013-g40768a3 (webtiles) character file.

223 poirepourri the Grave Robber (level 5, 28/28 HPs)
             Began as a Deep Elf Necromancer on July 24, 2016.
             Quit the game on level 3 of the Dungeon.
             The game lasted 00:06:49 (3780 turns).

poirepourri the Grave Robber (Deep Elf Necromancer) Turns: 3780, Time: 00:06:49

Health: 28/28      AC:  7    Str:  5    XL:     5   Next: 66%
Magic:  15/15      EV: 13    Int: 21    God:
Gold:   102        SH:  0    Dex: 15    Spells: 4 memorised, 8 levels left

rFire  . . .     SeeInvis .     (no weapon)
rCold  . . .     Gourm    .     a - +0 robe
rNeg   + . .     Faith    .     (no shield)
rPois  .         Spirit   .     (no helmet)
rElec  .         Dismiss  .     i - +0 cloak
rCorr  .         Reflect  .     m - +0 pair of gloves
SustAt .         Harm     .     o - +2 pair of boots
MR     .....                    (no amulet)
Stlth  ++........               (no ring)
                                e - ring of positive energy

@: drained, not resistant to hostile enchantments, unstealthy
A: no striking features
a: no special abilities


You were on level 3 of the Dungeon.
You were not hungry.

You visited 1 branch of the dungeon, and saw 3 of its levels.

You collected 102 gold pieces.

Inventory:

Armour
 a - a +0 robe (worn)
 i - a +0 cloak (worn)
 m - a +0 pair of gloves (worn)
 o - a +2 pair of boots (worn)
 r - a +0 buckler
Jewellery
 d - an uncursed ring of positive energy
 e - a ring of positive energy (left hand)
Scrolls
 n - a scroll of remove curse
Potions
 g - a potion of mutation {unknown}
 k - a potion of lignification
 l - a potion of cure mutation {unknown}
 p - a potion of invisibility
Books
 b - a book of Necromancy

   Spells                             Type                      Level
   a - Pain                           Necromancy                   1
   b - Animate Skeleton               Necromancy                   1
   c - Vampiric Draining              Necromancy                   3
   d - Regeneration                   Charms/Necromancy            3
   e - Animate Dead                   Necromancy                   4
   f - Control Undead                 Necromancy                   4
Comestibles
 c - 4 bread rations
 f - a meat ration
 h - 2 slices of pizza


   Skills:
 - Level 2.4(2.3) Dodging
 - Level 2.4(2.3) Stealth
 * Level 6.4(6.2) Spellcasting
 + Level 0.8(0.6) Charms
 + Level 6.5(6.4) Necromancy


You had 8 spell levels left.
You knew the following spells:

 Your Spells              Type           Power        Failure   Level  Hunger
a - Pain                  Necr           ####         1%          1    None
b - Animate Skeleton      Necr           N/A          1%          1    None
c - Vampiric Draining     Necr           ####......   2%          3    #......
d - Regeneration          Chrm/Necr      ###.......   10%         3    #......


Dungeon Overview and Level Annotations

Branches:
Dungeon (3/15)

Altars:
Elyvilon
Hepliaklqana

Annotations:
D:3 Grinder; Ijustatesigmund's ghost, amateur DsFi


Message History

Casting: Pain
Confirm with . or Enter, or press ? or * to list all spells.
Okay, then.
Ijustatesigmund's ghost laughs, "And you think you're capable of finding the ORB?
I had it, you know.
Then I gave it away so I could steal it AGAIN."
There is a stone staircase leading up here.
Casting: Pain
Confirm with . or Enter, or press ? or * to list all spells.
You can't see any susceptible monsters within range! (Use Z to cast anyway.) Unknown command.
Casting: Pain
Confirm with . or Enter, or press ? or * to list all spells.
There is nothing here that can be animated!
Ijustatesigmund's ghost misses you.
Ijustatesigmund's ghost hits you but does no damage.
Ijustatesigmund's ghost hits you but does no damage.
You partially resist.
You feel drained. Ijustatesigmund's ghost misses you.
Ijustatesigmund's ghost completely misses you.
Okay, then.
Are you sure you want to abandon this character and quit the game? (Confirm with "yes".)

#... #.# ############.## #.#
#.............# .#.#######
#.######.####.# ##.#.......## #.#
#.# #.# #..#........# #.# #.# #.#
#.##.#####..# ####.# #.# #.#
#.##.# ###..# #....######.#
##W###.##.# #....#
#.###.†......###@..##.##.###.##.#
#........#...#............#.#
#......<...#...##.##.###..#.#
.......####.#####.###.##.# #.÷#.#
#......# #.# #.# #.##.###.....
#..###.# #.# #.# #.#..........
#.. #.# #.# #.. .#...###..... #.
#.# #.# ### #.#.## #.)... # ...
..# #.#.# #...#.


You could see Ijustatesigmund's ghost.

Vanquished Creatures
  An ogre (D:3)
  Ijyb (D:3)
  5 adders
  A worm (D:2)
  3 dart slugs
  2 giant geckos
  4 giant cockroaches
  5 goblins
  7 hobgoblins
  9 jackals
  2 quokkas
  A ball python (D:1)
  5 bats
  4 giant newts
  5 kobolds
  7 rats
62 creatures vanquished.

Vanquished Creatures (others)
  A bat (D:2)
1 creature vanquished.

Grand Total: 63 creatures vanquished

Notes
Turn   | Place    | Note
-------+----------+-------------------------------------------
     0 | D:1      | poirepourri the Deep Elf Necromancer began the quest for the Orb.
     0 | D:1      | Reached XP level 1. HP: 10/10 MP: 6/6
    48 | D:1      | Reached skill level 5 in Necromancy
   306 | D:1      | Reached XP level 2. HP: 13/15 MP: 5/8
   705 | D:1      | Reached XP level 3. HP: 14/19 MP: 6/10
   723 | D:1      | Learned a level 1 spell: Animate Skeleton
   727 | D:1      | Learned a level 3 spell: Vampiric Draining
   731 | D:1      | Learned a level 3 spell: Regeneration
  1134 | D:2      | Found a white marble altar of Elyvilon.
  1139 | D:2      | Found a hazy altar of Hepliaklqana.
  2357 | D:3      | Reached XP level 4. HP: 24/24 MP: 0/12
  2556 | D:3      | Noticed Ijyb
  2577 | D:3      | Killed Ijyb
  2577 | D:3      | Reached skill level 5 in Spellcasting
  3008 | D:3      | Noticed Grinder
  3008 | D:3      | Paralysed by Grinder for 6 turns
  3028 | D:3      | Paralysed by Grinder for 4 turns
  3110 | D:3      | Paralysed by Grinder for 3 turns
  3120 | D:3      | Paralysed by Grinder for 6 turns
  3134 | D:3      | Paralysed by Grinder for 2 turns
  3146 | D:3      | Paralysed by Grinder for 4 turns
  3157 | D:3      | Noticed an ogre
  3157 | D:3      | Paralysed by Grinder for 5 turns
  3171 | D:3      | Killed an ogre
  3171 | D:3      | Reached XP level 5. HP: 15/28 MP: 3/15
  3173 | D:3      | Paralysed by Grinder for 2 turns
  3647 | D:3      | Noticed Ijustatesigmund's ghost (amateur DsFi)
  3780 | D:3      | Quit the game

Vault maps used:
D:1:      sevenhm_arrival_forest_fort_small_4
D:2:      elyvilon_altar_4, lemuel_crystal_altar
D:3:      first_bread, uniq_grinder, uniq_iyjb, uniq_terence

Skill      XL: |  1  2  3  4 |
---------------+-------------+-----
Necromancy     | 5 6 |  6.5
Spellcasting   | 4 6 |  6.4
Dodging        | |  2.4
Stealth        | |  2.4
Charms         | |  0.8

Action                   |  1- 3 |  4- 6 || total
-------------------------+-------+-------++-------
Melee: Unarmed           |       |     5 ||     5
 Cast: Pain              |    72 |    49 ||   121
       Regeneration      |     3 |     4 ||     7
  Use: Scroll            |     3 |     1 ||     4
       Potion            |       |     4 ||     4
  Eat: Bread ration      |     1 |     1 ||     2
Armor: Robe              |    11 |    10 ||    21
       Skin              |       |     4 ||     4
Dodge: Dodged            |    20 |    29 ||    49
